cohdb
Replays
Latest Replays
All Replays
Popular Replays
Top Player Replays
Match Explorer
How It Works
Community
CoH3 Stats
Reddit
Sign in to upload your games and track your stats! →
Sign in with Steam
Match 45806629
Unlisted
Match 45806629
Overview
Messages
Build Orders
End
Vickers Machine Gun Team
Construct Section Command Post
Dingo Light Scout Car
Infantry Section
Infantry Section
Construct Platoon Command Post
Selects Air and Sea Battlegroup
Selects Supply Surplus
Construct Resource Cache
Grenade Package
6-pounder Anti-tank Gun Team
Construct Company Command Post
Selects Commando Section Paradrop
Selects Commando Support Section Paradrop
Commando Support Section Paradrop
Crusader II Medium Tank
Unlock M3 Grant Medium Tanks
M3 Grant Medium Tank
badger2
Faurix
Marijuana
Patton
nub
oziligath
LeVisir
皮皮
0
0
Comments
sign in to comment!
No comments posted yet!